 Dungeon Crawl Stone Soup version 0.17-a0-1368-g6ab37f2 (webtiles) character file.

25 bal the Sneak (level 2, 0/19 HPs)
             Began as a Vampire Enchanter on June 12, 2015.
             Succumbed to an adder's poison
             ... on level 2 of the Dungeon.
             The game lasted 00:05:52 (887 turns).

bal the Sneak (Vampire Enchanter)                    Turns: 887, Time: 00:05:52

Health: 0/19       AC:  5    Str:  7    XL:     2   Next: 86%
Magic:  2/5        EV: 13    Int: 17    God:
Gold:   82         SH:  0    Dex: 14    Spells: 2 memorised, 2 levels left

rFire  . . .     SeeInvis +     j - +1 spear (pain)
rCold  . . .     Clarity  .     b - +1 robe
rNeg   + . .     SustAt   .     (no shield)
rPois  .         Gourm    .     h - +0 helmet
rElec  .         Spirit   .     k - +0 cloak
rCorr  .         Warding  .     (no gloves)
rMut   .         Stasis   .     (no boots)
MR     .....                    (no amulet)
Stlth  +++.......               (no ring)
                                (no ring)

@: lethally poisoned (0 -> -10), not resistant to hostile enchantments, fairly
stealthy
A: fangs 3, see invisible, unbreathing
a: no special abilities


You were on level 2 of the Dungeon.
You were not thirsty.

You visited 1 branch of the dungeon, and saw 2 of its levels.

You collected 82 gold pieces.

Inventory:

Hand weapons
 a - a +1 dagger
 g - a +0 hunting sling
 j - a +1 spear of pain (weapon)
Armour
 b - a +1 robe (worn)
 h - a +0 helmet (worn)
 k - a +0 cloak (worn)
Jewellery
 i - an uncursed amulet of rage
 l - an uncursed ring of ice
Scrolls
 e - 2 scrolls of fog
 f - a scroll of remove curse
Potions
 d - 11 potions of blood
Books
 c - a book of Maledictions

   Spells                             Type                      Level
   a - Corona                         Hexes                        1
   b - Ensorcelled Hibernation        Hexes/Ice                    2
   c - Confuse                        Hexes                        3
   d - Tukima's Dance                 Hexes                        3
   e - Dazzling Spray                 Conjuration/Hexes            3


   Skills:
 + Level 1.1 Short Blades
 + Level 2.4 Dodging
 + Level 5.2 Stealth
 + Level 2.2 Spellcasting
 + Level 4.9 Hexes


You had 2 spell levels left.
You knew the following spells:

 Your Spells              Type           Power        Failure   Level  Hunger
a - Corona                Hex            ###....      2%          1    #......
b - Ensorcelled Hibernat  Hex/Ice        ##....       12%         2    ###....


Dungeon Overview and Level Annotations

Branches:
Dungeon (2/15)

Altars:

Annotations:
D:2 Ijyb


Innate Abilities, Weirdness & Mutations

You have razor-sharp teeth.
You have supernaturally acute eyesight.
You can survive without breathing.


Message History

Ijyb is outlined in light.
Ijyb completely misses you.
You hit Ijyb but do no damage. The adder bites you.
You are poisoned.
The adder poisons you! Ijyb hits you with a dagger. The adder bites you.
* * * LOW HITPOINT WARNING * * *
You are more poisoned.
The adder poisons you!
You hit Ijyb.
Ijyb is lightly wounded.
* * * LOW HITPOINT WARNING * * *
You feel sick. Ijyb hits you but does no damage. The adder bites you.
* * * LOW HITPOINT WARNING * * *
Ijyb hits you but does no damage.
Casting: Corona
Confirm with . or Enter, or press ? or * to list all spells.
Aiming: Ensorcelled Hibernation
Press: ? - help, Shift-Dir - straight line, f - adder, p - Ijyb
Aim: an adder (chance to defeat MR: 50%)
The adder looks drowsy...
You die...

#.#.#...# ##.#.#...#
.........# ### #####
.#.##.#..###.. ..#.
.#.............. ...
##.......###...# ..##
#.##.#.## #.S#>#...#
#......# #...#.†.#
###...## #...S@..####
#...# #....g.......
#...# ###...###...#
#...# #...........#
####...#####.##.####..
. .............##...
.............###....
.............# .##.#
####...####### .# .


You could see Ijyb and 2 adders.

Vanquished Creatures
  3 bats (D:1)
  A giant cockroach (D:1)
  2 goblins (D:1)
  3 hobgoblins
  2 kobolds (D:1)
  5 jackals (D:1)
  8 rats
24 creatures vanquished.

Notes
Turn   | Place    | Note
--------------------------------------------------------------
     0 | D:1      | bal the Vampire Enchanter began the quest for the Orb.
     0 | D:1      | Reached XP level 1. HP: 13/13 MP: 3/3
   190 | D:1      | Reached XP level 2. HP: 13/19 MP: 3/5
   421 | D:1      | Reached skill level 5 in Stealth
   659 | D:1      | Learned a level 2 spell: Ensorcelled Hibernation
   877 | D:2      | Noticed Ijyb
   887 | D:2      | Succumbed to an adder's poison

Vault maps used:
D:1:      shiori_arrival_maze
D:2:      ecumenical_altar_1, serial_bayou_pond_e, st_stairs_14, uniq_iyjb

Action                   || total
-------------------------++-------
Melee: Dagger            ||    35
       Spear             ||    31
 Cast: Corona            ||     5
       Ensorcelled Hiber ||     1
  Use: Scroll            ||     5
 Stab: Sleeping          ||     6
